 Seeded DCSS version 0.30.1-9-gdf580d7c3d (webtiles) character file.

Game seed: 920673320228942481 (custom seed)

674 Psyclone the Destroyer (level 7, 41/41 HPs)
             Began as an Octopode Conjurer on Oct 10, 2023.
             Quit the game on level 4 of the Dungeon.
             The game lasted 00:05:39 (2491 turns).

Psyclone the Destroyer (Octopode Conjurer)          Turns: 2491, Time: 00:05:40

Health: 41/41      AC:  1    Str:  6    XL:     7   Next: 59%
Magic:  10/10      EV: 13    Int: 22    God:
Gold:   4038       SH:  4    Dex:  9    Spells: 7/10 levels left

rFire   + . .        k - staff of fire
rCold   . . .        (no shield)
rNeg    . . .        (helmet restricted)
rPois   .            (no amulet)
rElec   .            c - ring of wizardry
rCorr   .            (no ring)
SInv    +            (no ring)
Will    .....        (no ring)
Stlth   +++          (no ring)
HPRegen 0.26/turn    (no ring)
MPRegen 0.12/turn    (no ring)
                     (no ring)

%: wizardry (x1)
@: no status effects
A: almost no armour, amphibious, 8 rings, camouflage 1, gelatinous body 1,
(nimble swimmer 1), tentacles, large bone plates 1, see invisible, clumsy 1,
deterioration 1, wild magic 1
a: no special abilities


You were on level 4 of the Dungeon.
You visited 1 branch of the dungeon, and saw 4 of its levels.

You collected 4079 gold pieces.
You spent 41 gold pieces at shops.

Inventory:

Magical Staves
 k - a staff of fire (weapon)
Jewellery
 c - a ring of wizardry (left tentacle)
 m - an amulet of the acrobat
Scrolls
 e - a scroll of amnesia {unknown}
 g - a scroll of fear {unknown}
 h - 2 scrolls of identify {unknown}
Potions
 a - a potion of magic
 b - a potion of mutation
 d - a potion of lignification {unknown}
 f - 2 potions of degeneration {unknown}
 i - a potion of invisibility {unknown}
 j - a potion of heal wounds {unknown}
 l - 3 potions of curing {unknown}
 n - a potion of ambrosia {unknown}


   Skills:
 - Level 2.0 Dodging
 - Level 2.6 Stealth
 - Level 2.0 Spellcasting
 + Level 9.1 Conjurations


You had 7 spell levels left.
You knew the following spells:

 Your Spells              Type           Power      Damage    Failure   Level
a - Magic Dart            Conj           100%       1d8       1%          1
b - Searing Ray           Conj           100%       2d8       1%          2

Your spell library contained the following spells:

 Spells                   Type           Power      Damage    Failure   Level
 Foxfire                  Conj/Fire      100%       2x1d9     1%          1
 Dazzling Flash           Conj/Hex       56%        N/A       4%          3
 Blink                    Tloc           4%         N/A       12%         2
 Fulminant Prism          Conj/Hex       14%        3d9       12%         4
 Iskenderun's Mystic Bla  Conj/Tloc      28%        2d7       12%         4
 Vampiric Draining        Necr           2%         2d6       21%         3
 Fireball                 Conj/Fire      21%        3d10      30%         5
 Manifold Assault         Tloc           2%         N/A       52%         4
 Starburst                Conj/Fire      21%        6d7       80%         6
 Borgnjor's Vile Clutch   Necr/Erth      1%         N/A       85%         5
 Plasma Beam              Fire/Air       2%         2x1d13    100%        6
 Storm Form               Tmut/Air       1%         N/A       100%        7
 Borgnjor's Revivificati  Necr           1%         N/A       100%        8


Dungeon Overview and Level Annotations

Branches:
Dungeon (4/15) Zot: 21507
 Temple: D:4-7

Altars:

Shops:
D:3 *:


Innate Abilities, Weirdness & Mutations

You cannot wear most types of armour.
You are amphibious.
You can wear up to eight rings at the same time.
Your skin changes colour to match your surroundings (Stealth+).
Your rubbery body absorbs attacks. (AC +1, EV +1)
((You are camouflaged when in or above water. (Stealth+)))
You have tentacles for arms and can constrict up to eight enemies at once.
You are partially covered in large bone plates. (SH +4)
You have supernaturally acute eyesight. (SInv)
You are clumsy. (Dex -2)
Your body sometimes deteriorates upon taking damage.
Your spells are a little harder to cast, but a little more powerful.


Message History

Confirm with . or Enter, or press ? or * to list all spells.
Aiming: Magic Dart (safe; 1% risk of failure)
Press: ? - help, Shift-Dir - straight line, f - ball python
Aim: a ball python (asleep, 100% to hit)
The magic dart hits the ball python.
The ball python is severely wounded.
You block the ball python's attack. The ball python misses you.
You now have 9/10 mp.
Casting: Magic Dart (safe; 1% risk of failure)
Confirm with . or Enter, or press ? or * to list all spells.
Aiming: Magic Dart (safe; 1% risk of failure)
Press: ? - help, Shift-Dir - straight line, f/p - ball python
Aim: a ball python (severely wounded, 100% to hit)
The magic dart hits the ball python.
You kill the ball python!
You now have 8/10 mp.
You see here a ball python corpse.
An endoplasm comes into view.
MP restored: 10
Casting: Magic Dart (safe; 1% risk of failure)
Confirm with . or Enter, or press ? or * to list all spells.
Aiming: Searing Ray (safe; 1% risk of failure)
Press: ? - help, Shift-Dir - straight line, f - endoplasm
Aim: an endoplasm (asleep, 100% to hit)
The searing ray hits the endoplasm!
You kill the endoplasm! (Press . to maintain the ray.)
You now have 8/10 mp.
You now have 7/10 mp.
MP restored: 10
Items here: ))) [[.
You see here a +0 flail.
You see here 9 stones.
You see here a +0 club.
You see here a +0 whip.
There is a stone staircase leading down here.
You see here 6 stones.
Unknown command.
Unknown command.
Are you sure you want to abandon this character and quit the game? (Confirm with "yes".)

.....###.#.#..#.......##.#......#
##.......#.#######.#####.######.#
##...#####.....# #.##......#....#
##^###########.# #.##.##.#.#.####
##.# #....[# #.# #.##.#..#..)†...
#.###.###.# #.# #.##.#......####
##[..#.# #.# #.###.##.#####..#
.....#.# #.###.....##........#
######.# #......@............#
.......# #####################
########


There were no monsters in sight!

Vanquished Creatures
  Sigmund (D:4)
  A water moccasin (D:4)
  A black bear (D:4)
  Blork the orc (D:4)
  2 scorpions (D:4)
  A hound (D:4)
  An orc wizard (D:4)
  Robin (D:4)
  An adder (D:4)
  A worm (D:3)
  2 dart slugs
  6 orcs (D:4)
  4 endoplasms
  A giant cockroach (D:4)
  5 goblins (D:4)
  5 hobgoblins (D:4)
  A quokka (D:4)
  7 ball pythons
  A bat (D:3)
  5 kobolds
  3 rats
51 creatures vanquished.

Notes
Turn   | Place    | Note
-------+----------+-------------------------------------------
     0 | D:1      | Psyclone the Octopode Conjurer began the quest for the Orb.
     0 | D:1      | Reached XP level 1. HP: 11/11 MP: 3/3
   285 | D:1      | Identified 3 scrolls of acquirement
   285 | D:1      | Acquired 1312 gold pieces
   293 | D:1      | Acquired 1281 gold pieces
   308 | D:1      | Acquired 1321 gold pieces
   336 | D:2      | Reached XP level 2. HP: 17/17 MP: 0/5
   537 | D:3      | Learned a level 2 spell: Searing Ray
   698 | D:3      | Found Xyxiz's Assorted Antiques.
   709 | D:3      | Bought 2 fizzy ruby potions for 41 gold pieces
   766 | D:3      | Found Rylak's Book Boutique.
   817 | D:3      | Gained mutation: You are dopey. (Int -2) [potion of
                  | mutation]
   817 | D:3      | Gained mutation: You are occasionally teleported next to
                  | monsters. [potion of mutation]
   817 | D:3      | Gained mutation: One of your tentacles bears a spike.
                  | [potion of mutation]
   817 | D:3      | Gained mutation: You have hidden genetic potential. [potion
                  | of mutation]
   885 | D:4      | Reached skill level 5 in Conjurations
   885 | D:4      | Reached XP level 3. HP: 15/21 MP: 0/6
   902 | D:4      | Gained mutation: You have great hidden genetic potential.
                  | [hidden potential]
  1003 | D:4      | Noticed Blork the orc
  1015 | D:4      | Killed Blork the orc
  1016 | D:4      | Reached skill level 6 in Conjurations
  1016 | D:4      | Reached XP level 4. HP: 9/27 MP: 0/7
  1016 | D:4      | Reached XP level 5. HP: 10/31 MP: 0/8
  1028 | D:4      | Gained mutation: Your spells are a little harder to cast,
                  | but a little more powerful. [hidden potential]
  1028 | D:4      | Lost mutation: You have great hidden genetic potential.
                  | [hidden potential expressed]
  1438 | D:4      | Reached skill level 7 in Conjurations
  1438 | D:4      | Reached XP level 6. HP: 28/36 MP: 0/9
  1445 | D:4      | Lost mutation: You are dopey. (Int -2) [hidden potential]
  1701 | D:4      | Noticed Robin
  1706 | D:4      | Killed Robin
  1819 | D:4      | Noticed Sigmund
  1828 | D:4      | Killed Sigmund
  1829 | D:4      | Reached skill level 8 in Conjurations
  2102 | D:4      | Noticed a black bear
  2110 | D:4      | Killed a black bear
  2111 | D:4      | Reached XP level 7. HP: 41/41 MP: 2/10
  2118 | D:4      | Got the Precepts of Hapless Last Rites
  2126 | D:4      | Gained mutation: You are partially covered in large bone
                  | plates. (SH +4) [hidden potential]
  2126 | D:4      | Lost mutation: You have hidden genetic potential. [hidden
                  | potential expressed]
  2137 | D:4      | Lost mutation: One of your tentacles bears a spike. [potion
                  | of mutation]
  2137 | D:4      | Lost mutation: You are occasionally teleported next to
                  | monsters. [potion of mutation]
  2137 | D:4      | Gained mutation: Your body sometimes deteriorates upon
                  | taking damage. [potion of mutation]
  2137 | D:4      | Gained mutation: You are clumsy. (Dex -2) [potion of
                  | mutation]
  2137 | D:4      | Gained mutation: You have supernaturally acute eyesight.
                  | (SInv) [potion of mutation]
  2239 | D:4      | Reached skill level 9 in Conjurations
  2491 | D:4      | Quit the game

Illustrated notes

Levels and vault maps discovered:
D:1:      dpeg_arrival_orchard, layout_basic
D:2:      layout_loops_corners, uniq_natasha, uniq_crazy_yiuf_cottage
D:3:      layout_basic, serial_shops, nicolae_shop_stone, shop
D:4:      layout_basic, nicolae_figureground_sparkle, uniq_sigmund, uniq_robin,
          uniq_blork_the_orc

Skill      XL: |  1  2  3  4  5  6  7 |
---------------+----------------------+-----
Conjurations   | 5 6 7 8 9 |  9.1
Dodging        | |  2.0
Stealth        | |  2.6
Spellcasting   | |  2.0

Action                     |  1- 3 |  4- 6 |  7- 9 || total
---------------------------+-------+-------+-------++-------
  Melee: Unarmed           |     2 |       |       ||     2
         Tentacles         |     2 |     4 |     1 ||     7
         Staff             |     2 |    12 |     2 ||    16
         Constrict         |     1 |     4 |     1 ||     6
         Kick              |       |     5 |     2 ||     7
   Cast: Magic Dart        |    24 |    20 |     2 ||    46
         Searing Ray       |     3 |     9 |     4 ||    16
    Use: Scroll            |     3 |       |       ||     3
         Potion            |     1 |       |     1 ||     2
   Stab: Distracted        |       |     1 |       ||     1
 Armour: Skin              |       |     1 |       ||     1
  Dodge: Dodged            |     4 |    24 |     8 ||    36
  Block: Other             |       |       |     2 ||     2
